 Dungeon Crawl Stone Soup version 0.30-a0-304-gdc4b735fe1 (webtiles) character file.

Game seed: 17946443583412262000

205470 BankerBuddy the Champion of Chaos (level 18, -6/136 (160) HPs)
             Began as a Demonspawn Gladiator on Oct 16, 2022.
             Was the Champion of Makhleb.
             Shot with an arrow by a satyr (29 damage)
             ... on level 4 of the Shoals on Oct 20, 2022.
             The game lasted 02:52:06 (39744 turns).

BankerBuddy the Champion of Chaos (DsGl)           Turns: 39744, Time: 02:52:07

HP:   -6/136 (160)  AC: 29    Str: 27    XL:     18   Next: 4%
MP:   30/30         EV: 27    Int: 10    God:    Makhleb [******]
Gold: 388           SH:  0    Dex: 24    Spells: 17/17 levels left

rFire   + . .      SeeInvis .    a - +5 war axe (venom)
rCold   x . .      Faith    .    O - orb {*Rage}
rNeg    . . .      Spirit   .    t - +6 scale mail "Poraomma" {Str+4}
rPois   +          Reflect  .    c - +2 helmet
rElec   +          Harm     .    U - +2 cloak
rCorr   .          Rampage  .    i - +2 pair of gloves {Str+3}
Will    ++...      Rage     20%  m - +2 pair of boots
Stlth   +.........               s - amulet of the acrobat
HPRegen 0.42/turn                k - ring of Sitipt {Fire rElec rPois Dex+7}
MPRegen 0.22/turn                S - +4 ring of evasion

@: afraid, on berserk cooldown, slowed, heavily drained, unable to read, very
slow
A: hooves 2, hurl damnation, powered by death 2, spiny 2, torment resistance 1,
sturdy frame 2, demonic willpower, robust 1, subdued magic 1, inability to read
after injury 1
}: 1/15 runes: serpentine
a: Hurl Damnation, Renounce Religion, Minor Destruction, Lesser Servant of
Makhleb, Major Destruction, Greater Servant of Makhleb


You were on level 4 of the Shoals.
You worshipped Makhleb.
Makhleb was exalted by your worship.
You visited 7 branches of the dungeon, and saw 27 of its levels.
You visited the Abyss 1 time.
You also visited: Bailey.

You collected 3679 gold pieces.
You spent 3291 gold pieces at shops.

Inventory:

Hand Weapons
 a - a +5 war axe of venom (weapon)
Missiles
 j - 3 silver javelins
 n - 29 poisoned darts
 o - 23 boomerangs
 q - 11 silver boomerangs (quivered)
 r - 5 datura-tipped darts
 Y - a throwing net
Armour
 c - a +2 helmet (worn)
 i - a +2 pair of gloves of strength (worn)
 m - a +2 pair of boots (worn)
 t - the +6 scale mail "Poraomma" (worn) {Str+4}
   (You acquired it on level 6 of the Dungeon)

   Str:       It affects your strength (+4).
 H - the +12 plate armour of Narcissism {Harm Will- rCorr}
   (You bought it in a shop on level 2 of the Shoals)

   rCorr:     It protects you from acid and corrosion.
   Harm:      It increases damage dealt and taken.
   Will:      It decreases your willpower.
 O - an orb of wrath (worn)
 U - a +2 cloak (worn)
Jewellery
 b - a ring of poison resistance
 k - the ring of Sitipt (left hand) {Fire rElec rPois Dex+7}
   (You found it on level 7 of the Dungeon)

   [ring of fire]

   It enhances your fire magic.
   Dex:       It affects your dexterity (+7).
   rF:        It protects you from fire.
   rC:        It makes you vulnerable to cold.
   rElec:     It insulates you from electricity.
   rPois:     It protects you from poison.
 s - an amulet of the acrobat (around neck)
 v - a ring of positive energy
 M - a ring of protection from fire
 S - a +4 ring of evasion (right hand)
 X - a ring of ice
Wands
 y - a wand of paralysis (14)
 z - a wand of light (6)
 A - a wand of flame (51)
 C - a wand of mindburst (9)
 E - a wand of roots (23)
 N - a wand of polymorph (9)
Scrolls
 d - a scroll of brand weapon
 e - 2 scrolls of enchant weapon
 w - 3 scrolls of blinking
 B - 6 scrolls of butterflies
 F - 7 scrolls of teleportation
 J - 2 scrolls of summoning
 Q - 5 scrolls of poison
 T - 3 scrolls of enchant armour
 V - 6 scrolls of identify
 W - 3 scrolls of amnesia
 Z - 2 scrolls of fear
Potions
 f - 8 potions of mutation
 g - 5 potions of brilliance
 h - 14 potions of curing
 l - 3 potions of haste
 p - 4 potions of flight
 u - 5 potions of magic
 x - 2 potions of ambrosia
 D - 6 potions of cancellation
 G - a potion of heal wounds
 I - a potion of invisibility
 K - a potion of resistance
 L - 3 potions of might
 P - 3 potions of berserk rage
 R - 3 potions of lignification


   Skills:
 + Level 14.1 Fighting
 + Level 13.2 Axes
 + Level 13.0 Throwing
 + Level 12.8 Armour
 + Level 13.2 Dodging
 + Level 17.7 Invocations


You had 17 spell levels left.
You didn't know any spells.
Your spell library contained the following spells:

 Spells                   Type           Power      Damage    Failure   Level
 Apportation              Tloc           0%         N/A       38%         1
 Foxfire                  Conj/Fire      0%         2x1d4     38%         1
 Freeze                   Ice            0%         1d3       38%         1
 Cigotuvi's Dreadful Rot  Necr/Pois/Air  0%         N/A       52%         2
 Poisonous Vapours        Pois/Air       0%         N/A       52%         2
 Call Canine Familiar     Summ           0%         N/A       77%         3
 Frozen Ramparts          Ice            0%         1d1       77%         3
 Hailstorm                Conj/Ice       0%         3d3       77%         3
 Mephitic Cloud           Conj/Pois/Air  0%         N/A       77%         3
 Portal Projectile        Hex/Tloc       0%         N/A       77%         3
 Leda's Liquefaction      Hex/Erth       0%         N/A       99%         4
 Passage of Golubria      Tloc           0%         N/A       99%         4
 Alistair's Intoxication  Tmut/Pois      0%         N/A       100%        5
 Fireball                 Conj/Fire      0%         3d3       100%        5
 Iskenderun's Battlesphe  Conj           0%         2d6       100%        5
 Silence                  Hex/Air        0%         N/A       100%        5
 Conjure Ball Lightning   Conj/Air       0%         3x3d6     100%        6
 Starburst                Conj/Fire      0%         6d3       100%        6
 Orb of Destruction       Conj           0%         9d5       100%        7
 Lehudib's Crystal Spear  Conj/Erth      0%         10d2      100%        8


Dungeon Overview and Level Annotations

Branches:
Dungeon (10/15)            Temple (1/1) D:6            Lair (5/5) D:10
 Shoals (4/4) Lair:2        Snake (4/4) Lair:3        Slime (1/5) Lair:5
    Orc (2/2) D:9             Elf (0/3) Orc:2        Bailey (visited)

Altars:
Ashenzari
Cheibriados
Dithmenos
Fedhas
Gozag
Hepliaklqana
Kikubaaqudgha
Makhleb
Nemelex Xobeh
Okawaru
Qazlal
Ru
Sif Muna
Trog
Uskayaw
Vehumet
Wu Jian
Xom
Yredelemnul
Jiyva

Shops:
D:1 (   D:2 *   D:4 *   D:8 ?   D:9 [   Orc:1 *   Orc:2 (!!?   Shoals:2 [![
Snake:1 =   Snake:2 (   Snake:3 *   Snake:4 *

Annotations:
D:3 1 runed translucent door, NigelTetley's ghost, amateur SpEn
D:7 ma3's ghost, novice MeNe
Lair:5 1 runed translucent door, exclusion: obsidian statue, ma3's ghost, journeyman DjHW
Shoals:1 Roxanne
Shoals:2 3 runed translucent doors, Fitracw Zoogg's ghost, adept NaWn
Snake:3 3 runed translucent doors, exclusion: obsidian statue, Mara; Tuipsie's ghost, adept GnFi


Innate Abilities, Weirdness & Mutations

You have hoof-like feet.
You can hurl damnation.
You regenerate health from kills.
You are mostly covered in sharp spines.
You are resistant to unholy torment.
Your movements are less encumbered by armour. (ER -4)
You punish those that try to bend your will. (Will+)
You are robust. (+10% HP)
Your spells are a little easier to cast, but a little less powerful.
You occasionally lose the ability to read scrolls when taking damage.


Message History

You easily resist.
Your will lashes out at the satyr.
You hit the satyr.
The satyr is severely wounded.
The satyr shoots an arrow.
The arrow hits you but does no damage.
The satyr shoots an arrow.
The arrow barely misses you.
You attempt to attack the satyr, but flinch away in fear!
The faun no longer looks unusually strong.
The satyr plays a rousing melody on his pipes!
The fauns go into a battle-frenzy!
The satyr shoots an arrow.
The arrow misses you.
You attempt to attack the satyr, but flinch away in fear!
The satyr shoots an arrow.
The arrow hits you!
The satyr shoots an arrow.
The arrow completely misses you.
You slash the satyr!
The satyr looks as sick as possible!
The satyr is almost dead.
The satyr plays a rousing melody on his pipes!
The satyr shoots an arrow.
The arrow hits you!
* * * LOW HITPOINT WARNING * * *
The satyr shoots an arrow.
The arrow hits you!
* * * LOW HITPOINT WARNING * * *
The satyr shoots an arrow.
The arrow barely misses you. The satyr attacks as you move away!
The satyr unwields a +0 longbow.
The satyr wields a +0 quarterstaff.
The satyr misses you.
The satyr shoots an arrow.
The arrow completely misses you.
The satyr unwields a +0 quarterstaff.
The satyr wields a +0 longbow.
The satyr shoots an arrow.
The arrow completely misses you.
You feel much better.
The satyr shoots an arrow.
The arrow hits you!!
You feel threatened and lose the ability to read scrolls!
* * * LOW HITPOINT WARNING * * *
The satyr shoots an arrow.
The arrow hits you.
* * * LOW HITPOINT WARNING * * *
The satyr shoots an arrow.
The arrow hits you!!
* * * LOW HITPOINT WARNING * * *
Really quaff the potion of lignification?
Okay, then.
You feel much better.
The satyr shoots an arrow.
The arrow hits you.
* * * LOW HITPOINT WARNING * * *
The satyr shoots an arrow.
The arrow barely misses you.
The satyr shoots an arrow.
The arrow hits you!!
You die...

≈≈≈ ### . ≈≈≈≈ #~#
.... ~.# ≈≈≈≈
#~##... ~~#
≈≈≈≈≈##~~. .. ~~~~
≈≈≈≈≈#..~##.#.~#~~
≈≈≈≈≈...~~..#~~.
≈≈≈≈≈...#Ycc~~#
≈≈≈≈≈|..#~ccc~#
≈≈≈≈≈##@##)## #.
≈≈≈≈≈≈.)(cY.# #.
≈≈≈≈≈≈##c#..## #.
≈≈≈≈≈≈≈.c.(..## #.
≈≈≈≈≈≈≈##.#...#...
#8 ≈≈≈≈≈≈≈
#....~.... #.
≈≈≈≈≈≈ ##.##.~..
#. ≈≈≈≈≈≈≈
#..##..#. #.
≈≈≈≈≈≈≈≈##..##.#
#~


You could see 2 satyrs, a faun (strong) and a dream sheep.

Vanquished Creatures
  Nikola (Shoals:3)
  Mlioglotl (Shoals:3)
  A tentacled starspawn (Abyss:2)
  Donald (Shoals:3)
  6 nagarajas
  Aizul (Snake:1)
  Louise (Snake:2)
  Nessos (Lair:3)
  A minotaur (Shoals:4)
  The ghost of Charly the Severer, a journeyman MiMo of Okawaru (Lair:3)
  5 dire elephants
  5 merfolk impalers
  A blizzard demon (Abyss:2)
  3 salamander tyrants (Snake:4)
  2 hydras
  A catoblepas (Lair:4)
  14 anacondas
  3 centaur warriors
  2 merfolk aquamancers
  A merfolk avatar (Shoals:2)
  A boulder beetle (Lair:2)
  A satyr (Shoals:4)
  6 death yaks (Lair:5)
  19 naga warriors
  2 two-headed ogres
  A spectral dire elephant (Lair:5)
  A thrashing horror (Abyss:2)
  9 naga sharpshooters
  9 shock serpents
  An orc high priest (Orc:2)
  A soul eater (Abyss:2)
  Nergalle (Lair:3)
  10 salamander mystics
  A sixfirhy (Abyss:2)
  10 sea snakes
  A spectral anaconda (Lair:5)
  8 naga ritualists
  3 orc knights
  15 harpies
  4 necromancers (Lair:5)
  2 lindwurms
  9 mana vipers
  17 salamanders
  10 manticores
  7 orc sorcerers (Orc:2)
  8 fauns
  2 cyclopes (Shoals:4)
  41 elephants
  A smoke demon (Abyss:2)
  8 merfolk sirens
  42 black mambas
  A dire elephant zombie (Lair:5)
  16 naga magi
  4 water nymphs
  9 guardian serpents
  2 torpor snails
  An apocalypse crab (Abyss:2)
  10 cane toads
  Maggie (D:10)
  5 rime drakes
  7 komodo dragons
  2 ancient zymes (Abyss:2)
  3 wind drakes
  34 merfolk
  2 trolls
  A spectral elephant (Lair:5)
  2 hornets
  8 blink frogs
  5 raiju (Abyss:2)
  7 snapping turtles
  14 dream sheep
  3 wraiths
  6 wyverns
  3 large abominations (Abyss:2)
  2 small abominations (Abyss:2)
  3 water elementals (Shoals:3)
  2 basilisks
  2 chaos spawn (Abyss:2)
  A neqoxec (Abyss:2)
  51 yaks
  6 vampire mosquitoes
  2 death yak simulacra (Lair:5)
  48 nagas
  A warg (Orc:1)
  2 spectral cane toads (Lair:5)
  An acid dragon (D:9)
  15 water moccasins
  2 sky beasts (D:7)
  26 orc warriors
  2 black bears
  4 ice beasts (D:7)
  12 wolves
  6 ogres
  4 centaurs
  A phantom (D:6)
  A kobold brigand (D:10)
  13 bullfrogs
  A cane toad simulacrum (Lair:5)
  A necrophage (D:6)
  3 scorpions
  18 wights
  An elephant simulacrum (Lair:5)
  4 electric eels (Snake:2)
  3 howler monkeys
  2 hounds (D:7)
  20 orc priests
  4 jellies
  An iguana (D:4)
  Terence (D:3)
  A gnoll bouda (Lair:4)
  11 hell rats
  30 orc wizards
  A bullfrog simulacrum (D:7)
  A centaur simulacrum (D:7)
  11 adders
  3 white imps (D:7)
  An ufetubus (Abyss:2)
  A worm (D:3)
  79 orcs
  5 endoplasms
  7 giant cockroaches
  9 hobgoblins
  5 jackals
  7 kobolds
  2 quokkas
  3 training dummies (Snake:2)
  5 ball pythons
  4 bats
  2 frilled lizards (D:2)
  14 goblins
  4 rats
921 creatures vanquished.

Vanquished Creatures (collateral kills)
  Rupert (Lair:3)
  A merfolk javelineer (Shoals:3)
  A merfolk impaler (Shoals:3)
  A merfolk siren (Shoals:3)
  A wind drake (Shoals:3)
  A merfolk (Shoals:3)
  A naga (Snake:4)
  A spectral cane toad (Lair:5)
  A water moccasin (Lair:3)
  An elephant zombie (Lair:5)
  An orc priest (Orc:2)
  An orc wizard (Orc:2)
12 creatures vanquished.

Vanquished Creatures (others)
  A naga (Snake:3)
  A quasit (Abyss:2)
  An orc wizard (Orc:2)
  35 fungi
  119 plants
  4 starspawn tentacles (Abyss:2)
  30 withered plants (Lair:5)
191 creatures vanquished.

Grand Total: 1124 creatures vanquished

Notes
Turn   | Place    | Note
-------+----------+-------------------------------------------
     0 | D:1      | BankerBuddy the Demonspawn Gladiator began the quest for
                  | the Orb.
     0 | D:1      | Reached XP level 1. HP: 16/16 MP: 1/1
    81 | D:1      | Found Diplisul's Weapon Shoppe.
   169 | D:1      | Gained mutation: You regenerate a little health from kills.
                  | [demonic ancestry]
   169 | D:1      | Reached XP level 2. HP: 22/22 MP: 2/2
   182 | D:1      | Gained mutation: You are robust. (+10% HP) [potion of
                  | mutation]
   182 | D:1      | Gained mutation: You occasionally lose the ability to read
                  | scrolls when taking damage. [potion of mutation]
   572 | D:1      | You fall into a shaft and drop 1 floor!
   628 | D:2      | Reached skill level 1 in Invocations
   628 | D:2      | Reached XP level 3. HP: 30/30 MP: 3/3
  1523 | D:2      | Found Zoesk's Assorted Antiques.
  1661 | D:2      | Noticed a scorpion
  1676 | D:2      | Killed a scorpion
  1677 | D:2      | Reached skill level 1 in Armour
  1677 | D:2      | Gained mutation: Your movements are slightly less
                  | encumbered by armour. (ER -2) [demonic ancestry]
  1677 | D:2      | Reached XP level 4. HP: 31/37 MP: 5/5
  2107 | D:3      | Reached skill level 2 in Invocations
  2170 | D:3      | Gained mutation: You have large cloven feet. [demonic
                  | ancestry]
  2170 | D:3      | Reached XP level 5. HP: 44/44 MP: 6/6
  2221 | D:3      | Found a runed translucent door.
  2227 | D:3      | Noticed NigelTetley's ghost (amateur SpEn)
  2402 | D:3      | Found a faded altar of an unknown god.
  2861 | D:3      | Noticed Terence
  2871 | D:3      | Killed Terence
  2872 | D:3      | Gained mutation: Your movements are less encumbered by
                  | armour. (ER -4) [demonic ancestry]
  2872 | D:3      | Reached XP level 6. HP: 41/51 MP: 7/7
  3234 | D:4      | Found Sikk's Assorted Antiques.
  4216 | D:5      | Entered Level 5 of the Dungeon
  4373 | D:5      | Reached skill level 3 in Invocations
  5426 | D:6      | Found a blossoming altar of Fedhas.
  5482 | D:6      | Found a staircase to the Ecumenical Temple.
  5516 | Temple   | Entered the Ecumenical Temple
  5566 | Temple   | Became a worshipper of Makhleb the Destroyer
  5760 | D:6      | Reached XP level 7. HP: 47/57 MP: 9/9
  6012 | D:6      | Reached skill level 4 in Invocations
  6198 | D:6      | Identified a scroll of acquirement
  6198 | D:6      | Acquired the +6 scale mail "Poraomma" {Str+4}
  6358 | D:6      | Noticed a hornet
  6365 | D:6      | Paralysed by a hornet for 3 turns
  6371 | D:6      | Killed a hornet
  6452 | D:6      | Gained mutation: You are partially covered in sharp spines.
                  | [demonic ancestry]
  6452 | D:6      | Reached XP level 8. HP: 55/66 MP: 11/11
  6546 | D:7      | Reached skill level 5 in Invocations
  6763 | D:7      | Found a runed translucent gate.
  6763 | D:7      | Found a runed translucent gate.
  6763 | D:7      | Found a runed translucent gate.
  6779 | D:7      | Noticed ma3's ghost (novice MeNe)
  6856 | D:7      | Reached skill level 5 in Axes
  6856 | D:7      | Reached skill level 5 in Dodging
  7195 | D:7      | Identified the +5 quarterstaff "Keiheq Tutu" {vorpal, rF+
                  | rN+ Dex+3}
  7199 | D:7      | Reached skill level 5 in Fighting
  7346 | D:7      | Reached XP level 9. HP: 57/73 MP: 13/13
  7401 | D:7      | Reached skill level 6 in Invocations
  7544 | D:7      | Reached * piety under Makhleb
  7556 | D:7      | Reached skill level 5 in Throwing
  7926 | D:7      | Got the ring of Sitipt {Fire rElec rPois Dex+7}
  8319 | D:8      | Found Gedoewy's Magic Scroll Boutique.
  8324 | D:8      | Bought a scroll of enchant armour for 105 gold pieces
  8324 | D:8      | Bought a scroll of enchant armour for 105 gold pieces
  8369 | D:8      | Found a broken altar of Ashenzari.
  8513 | D:8      | Reached skill level 7 in Invocations
  8861 | D:9      | Reached skill level 5 in Armour
  8933 | D:9      | Noticed a two-headed ogre
  8990 | D:9      | Found a staircase to the Orcish Mines.
  8992 | D:9      | Found Yhaiczel's Armour Shoppe.
  9063 | D:9      | Found a snail-covered altar of Cheibriados.
  9077 | D:9      | Killed a two-headed ogre
  9078 | D:9      | Gained mutation: You punish those that try to bend your
                  | will. (Will+) [demonic ancestry]
  9078 | D:9      | Reached XP level 10. HP: 83/83 MP: 15/15
  9129 | D:9      | Reached ** piety under Makhleb
  9180 | D:9      | Found a flagged portal.
  9195 | Bailey   | Entered a bailey
  9320 | Bailey   | Noticed an orc knight
  9345 | Bailey   | Reached skill level 8 in Invocations
  9463 | Bailey   | Killed an orc knight
  9519 | Bailey   | Noticed an orc knight
  9548 | Bailey   | Killed an orc knight
 10578 | D:10     | Entered Level 10 of the Dungeon
 10634 | D:9      | Reached *** piety under Makhleb
 10870 | D:10     | Gained mutation: You are mostly covered in sharp spines.
                  | [demonic ancestry]
 10870 | D:10     | Reached XP level 11. HP: 83/92 MP: 17/17
 10926 | D:10     | Noticed Maggie
 10938 | D:10     | Killed Maggie
 11092 | D:10     | Reached skill level 9 in Invocations
 11323 | D:10     | Found a staircase to the Lair.
 11760 | Orc:1    | Entered Level 1 of the Orcish Mines
 11958 | Orc:1    | Reached **** piety under Makhleb
 12379 | Orc:1    | Found Zoraisay's Overcharged Wands.
 12381 | Orc:1    | Noticed an orc knight
 12400 | Orc:1    | Killed an orc knight
 12721 | Orc:2    | Entered Level 2 of the Orcish Mines
 12721 | Orc:2    | Noticed an orc sorcerer
 12721 | Orc:2    | Noticed an orc sorcerer
 12875 | Orc:2    | Noticed a sun demon
 13030 | Orc:2    | Found a staircase to the Elven Halls.
 13043 | Orc:2    | Noticed an orc sorcerer
 13057 | Orc:2    | Killed an orc sorcerer
 13085 | Orc:2    | Noticed a two-headed ogre
 13207 | Orc:2    | Killed a two-headed ogre
 13208 | Orc:2    | Reached skill level 10 in Invocations
 13245 | Orc:2    | Noticed a sixfirhy
 13322 | Orc:2    | Killed an orc sorcerer
 13407 | Orc:2    | Killed an orc sorcerer
 13675 | Orc:2    | Noticed an orc sorcerer
 13717 | Orc:2    | Killed an orc sorcerer
 13765 | Orc:2    | Noticed an orc sorcerer
 13946 | Orc:2    | Killed an orc sorcerer
 13947 | Orc:2    | Gained mutation: You have hoof-like feet. [demonic
                  | ancestry]
 13947 | Orc:2    | Reached XP level 12. HP: 88/103 MP: 19/19
 14029 | Orc:2    | Noticed an orc high priest
 14037 | Orc:2    | Killed an orc high priest
 14325 | Orc:2    | Reached ***** piety under Makhleb
 14327 | Orc:2    | Paralysed by an orc sorcerer for 4 turns
 14531 | Orc:2    | Paralysed by an orc sorcerer for 4 turns
 14546 | Orc:2    | Found Zuaci's Magic Scroll Shop.
 14546 | Orc:2    | Found Daam's Distillery.
 14549 | Orc:2    | Found Fownizas's Weapon Boutique.
 14551 | Orc:2    | Found Katuu's Distillery.
 14576 | Orc:2    | Bought a potion of curing for 48 gold pieces
 14576 | Orc:2    | Bought a potion of berserk rage for 80 gold pieces
 14576 | Orc:2    | Bought a potion of resistance for 160 gold pieces
 14576 | Orc:2    | Bought a potion of heal wounds for 80 gold pieces
 14581 | Orc:2    | Bought a potion of heal wounds for 60 gold pieces
 14581 | Orc:2    | Bought a potion of heal wounds for 60 gold pieces
 14581 | Orc:2    | Bought a potion of heal wounds for 60 gold pieces
 14582 | Orc:2    | Bought a scroll of acquirement for 728 gold pieces
 14584 | Orc:2    | Acquired 625 gold pieces
 15034 | Lair:1   | Entered Level 1 of the Lair of Beasts
 15756 | Lair:1   | Reached skill level 11 in Invocations
 16037 | Lair:2   | Noticed a boulder beetle
 16037 | Lair:2   | Found an ornate altar of the Wu Jian Council.
 16037 | Lair:2   | Found a hide-covered altar of Uskayaw.
 16048 | Lair:2   | Killed a boulder beetle
 16071 | Lair:2   | You fall into a shaft and drop 2 floors!
 16367 | Lair:2   | Noticed a four-headed hydra
 16376 | Lair:2   | Killed a four-headed hydra
 16523 | Lair:2   | Found a staircase to the Shoals.
 16775 | Lair:2   | Reached XP level 13. HP: 106/111 MP: 21/21
 17260 | Lair:3   | Reached skill level 12 in Invocations
 17412 | Lair:3   | Noticed Rupert
 17433 | Lair:3   | Killed Rupert
 17651 | Lair:3   | Noticed Charly's ghost (journeyman MiMo)
 17659 | Lair:3   | Found a transporter.
 17667 | Lair:3   | Found a transporter.
 17801 | Lair:3   | Reached skill level 10 in Fighting
 17813 | Lair:3   | Noticed Nessos
 17822 | Lair:3   | Killed Nessos
 17888 | Lair:3   | Noticed Nergalle
 17902 | Lair:3   | Killed Nergalle
 18057 | Lair:3   | Found a staircase to the Snake Pit.
 18707 | Lair:4   | Reached ****** piety under Makhleb
 18708 | Lair:4   | Reached skill level 13 in Invocations
 18714 | Lair:4   | Reached XP level 14. HP: 121/122 MP: 23/23
 18749 | Lair:4   | Reached skill level 10 in Axes
 19404 | Lair:5   | Entered Level 5 of the Lair of Beasts
 19427 | Lair:5   | Reached skill level 10 in Dodging
 19813 | Lair:5   | Reached skill level 10 in Throwing
 20100 | Lair:5   | Found a viscous altar of Jiyva.
 20101 | Lair:5   | Found a staircase to the Slime Pits.
 20166 | Lair:5   | Found a runed translucent door.
 20207 | Lair:5   | Reached skill level 10 in Armour
 20413 | Lair:5   | Noticed ma3's ghost (journeyman DjHW)
 20985 | Lair:5   | Reached skill level 14 in Invocations
 22154 | Lair:5   | Upgraded the game from 0.30-a0-279-g4b46babb21 to
                  | 0.30-a0-297-g0ec75d9ef4
 22699 | Slime:1  | Entered Level 1 of the Pits of Slime
 22699 | Slime:1  | Noticed an acid blob
 22814 | Snake:1  | Entered Level 1 of the Snake Pit
 22957 | Snake:1  | Noticed Aizul
 22976 | Snake:1  | Killed Aizul
 22977 | Snake:1  | Gained mutation: You are resistant to unholy torment.
                  | [demonic ancestry]
 22977 | Snake:1  | Reached XP level 15. HP: 130/130 MP: 25/25
 23856 | Snake:1  | Found Odaref's Jewellery Shoppe.
 25358 | Snake:2  | Found Soimi's Firing Range.
 25368 | Snake:2  | Bought 5 silver boomerangs for 127 gold pieces
 25750 | Snake:2  | Reached skill level 15 in Invocations
 26054 | Snake:2  | Noticed a nagaraja
 26070 | Snake:2  | Killed a nagaraja
 26690 | Snake:2  | Noticed Louise
 26699 | Abyss:2  | Cast into level 2 of the Abyss (Louise)
 26797 | Abyss:2  | Noticed a tentacled starspawn
 26810 | Abyss:2  | Killed a tentacled starspawn
 26830 | Abyss:2  | Gained mutation: Your spells are a little easier to cast,
                  | but a little less powerful. [a neqoxec]
 27039 | Abyss:2  | Noticed a tentacled starspawn
 27040 | Abyss:2  | Noticed a tentacled starspawn
 27040 | Abyss:2  | Noticed an ancient lich
 27048 | Abyss:2  | Noticed an ancient lich
 27058 | Abyss:2  | Found a corrupted altar of Lugonu.
 27125 | Snake:2  | Escaped the Abyss
 27146 | Snake:2  | Killed Louise
 27558 | Snake:3  | Gained mutation: You regenerate health from kills. [demonic
                  | ancestry]
 27558 | Snake:3  | Reached XP level 16. HP: 140/140 MP: 27/27
 27567 | Snake:3  | Found a runed translucent gate.
 27567 | Snake:3  | Found a runed translucent gate.
 27567 | Snake:3  | Found a runed translucent gate.
 27801 | Snake:3  | Found an opulent altar of Gozag.
 28068 | Snake:3  | Noticed Tuipsie's ghost (adept GnFi)
 28939 | Snake:3  | Reached skill level 16 in Invocations
 29823 | Snake:3  | Found Sosha's Assorted Antiques.
 30360 | Snake:4  | Entered Level 4 of the Snake Pit
 30789 | Snake:4  | Noticed Mara
 30792 | Snake:4  | Noticed BankerBuddy's illusion
 31110 | Snake:4  | Found Revuec's Assorted Antiques.
 31113 | Snake:4  | Noticed BankerBuddy's illusion
 31252 | Snake:4  | Noticed BankerBuddy's illusion
 31267 | Snake:3  | Noticed BankerBuddy's illusion
 32230 | Snake:4  | Reached XP level 17. HP: 150/150 MP: 29/29
 32641 | Snake:4  | Got a serpentine rune of Zot
 33008 | Snake:4  | Bought a potion of haste for 290 gold pieces
 33999 | Lair:3   | Killed Charly's ghost
 34185 | Shoals:1 | Entered Level 1 of the Shoals
 34192 | Lair:2   | Upgraded the game from 0.30-a0-297-g0ec75d9ef4 to
                  | 0.30-a0-304-gdc4b735fe1
 34195 | Shoals:1 | You fall into a shaft and drop 1 floor!
 34195 | Shoals:2 | Found Netuc's Distillery.
 34216 | Shoals:2 | Bought 2 potions of heal wounds for 170 gold pieces
 34216 | Shoals:2 | Bought a potion of curing for 51 gold pieces
 34216 | Shoals:2 | Bought a potion of haste for 170 gold pieces
 34216 | Shoals:2 | Bought a potion of flight for 51 gold pieces
 34216 | Shoals:2 | Bought a potion of curing for 51 gold pieces
 34334 | Shoals:1 | Reached skill level 17 in Invocations
 34900 | Shoals:1 | Identified Roxanne's Octavo of Spelunking
 34900 | Shoals:1 | Noticed Roxanne
 36017 | Shoals:2 | Found Kint's Antique Armour Boutique.
 36046 | Shoals:2 | Bought an ancient plate armour for 616 gold pieces
 36046 | Shoals:2 | Identified the +12 plate armour of Narcissism {Harm Will-
                  | rCorr} (You bought it in a shop on level 2 of the Shoals)
 36306 | Shoals:2 | Found a runed translucent gate.
 36307 | Shoals:2 | Found a runed translucent gate.
 36312 | Shoals:2 | Found a runed translucent gate.
 36316 | Shoals:2 | Noticed Fitracw Zoogg's ghost (adept NaWn)
 36331 | Shoals:2 | Found Migysch's Armour Shop.
 36385 | Shoals:2 | Bought a +2 pair of gloves of strength for 279 gold pieces
 37709 | Shoals:3 | Noticed Donald
 37750 | Shoals:3 | Killed Donald
 37987 | Shoals:3 | Noticed Nikola
 38034 | Shoals:3 | Killed Nikola
 38972 | Shoals:3 | Noticed Mlioglotl
 38988 | Shoals:3 | Killed Mlioglotl
 39313 | Shoals:4 | Entered Level 4 of the Shoals
 39694 | Shoals:4 | Identified the +8 hand axe "Plog" {drain, Contam rN+ Str+2}
 39705 | Shoals:4 | Gained mutation: You can hurl damnation. [demonic ancestry]
 39705 | Shoals:4 | Reached XP level 18. HP: 135/135 MP: 30/30
 39743 | Shoals:4 | HP: 5/136 [satyr/arrow (22)]
 39744 | Shoals:4 | Shot with an arrow by a satyr

Illustrated notes

Levels and vault maps discovered:
D:1:      pf_arrival_petrified_forest, layout_basic, serial_shops,
          nicolae_shop_competitors_out_of_business, minmay_misc_feat_iff
D:2:      layout_loops_ring, serial_shops, nicolae_shop_behind_doors
D:3:      layout_loops_ring, ebering_ghost_sewer_d,
          nicolae_ecumenical_lake_church, uniq_terence
D:4:      wad_lake_hut, layout_cave_pools, serial_shops, shop, minivault_1
D:5:      layout_loops_ring, fountainhead
D:6:      layout_basic, fedhas_altar_2, minmay_temple_entry_gardened_gates
D:7:      layout_loops_cross, gammafunk_ghost_icy, minivault_4
D:8:      layout_basic, nicolae_ashenzari_panopticon, serial_shops,
          nicolae_shop_competitors_out_of_business, minmay_misc_feat_nine_boxes
D:9:      layout_loops_ring, mainiacjoe_overflow_concentric_impassable,
          orc_david_3, enter_bailey_3, st_stairs_7
D:10:     layout_rooms, lair_entry_dummy, uniq_maggie
Temple:   nicolae_temple_bog_church
Lair:1:   layout_loops_ring
Lair:2:   layout_misc_corridors, elwin_shoals_entry_stream,
          nzn_masters_of_martial_movement, infiniplex_staircase_pool_2
Lair:3:   layout_cave_shapes, guppyfry_snake_entry_island,
          gammafunk_ghost_arena, lemuel_fruit_tree, lemuel_fruit_fields,
          uniq_nessos, uniq_rupert, uniq_nergalle
Lair:4:   layout_regular_city, dreamdust_gnoll_shepherd, serial_bayou_shore_b
Lair:5:   due_jungle_book, layout_gridlike, slime_entry_1, gammafunk_ghost_grave
Shoals:1: layout_shoals, uniq_roxanne
Shoals:2: layout_shoals, serial_shops, nicolae_diamond_shop,
          nicolae_shop_advertising_works [nicolae_subvault_shop_adworks],
          nicolae_stop_n_shop_1, ebering_ghost_rock_garden,
          nicolae_shoals_flooded_hall
Shoals:3: layout_shoals, uniq_nikola, uniq_donald, uniq_mlioglotl
Shoals:4: shoals_end_hellmonk_lost_city
Snake:1:  layout_basic, serial_shops, shop, nicolae_snake_coiling_death,
          uniq_aizul
Snake:2:  layout_onion, serial_bayou, serial_bayou_shore_a, serial_bayou_ford_a,
          serial_bayou_pond_d, serial_bayou_pond_e, serial_bayou_pond_b,
          nicolae_shop_firing_range, nicolae_triple_integral, uniq_louise
Snake:3:  layout_basic, ebering_ghost_gozag, grunt_megastairs_4,
          serial_bayou_shore_b
Snake:4:  johnstein_snake_rune_scales, layout_cave_pods, serial_shops, shop,
          uniq_mara
Slime:1:  layout_caves
Orc:1:    layout_diamond_mine, nicolae_shop_overcharged_wands
Orc:2:    st_orc_mages, layout_caves

Skill      XL: |  1  2  3  4  5  6  7  8  9 10 11 12 13 14 15 16 17 18 |
---------------+-------------------------------------------------------+-----
Throwing       | 2 3 4 5 6 7 8 9 10 11 12 13 | 13.0
Axes           | 3 4 5 6 7 8 9 10 11 12 13 | 13.2
Invocations    | 1 2 3 4 5 7 8 10 11 13 14 15 16 17 | 17.7
Dodging        | 3 4 5 6 7 8 9 10 11 12 13 | 13.2
Armour         | 1 2 3 4 5 6 7 8 9 10 11 12 | 12.8
Fighting       | 3 4 5 6 7 8 9 10 11 12 13 14 | 14.1

Action                   |  1- 3 |  4- 6 |  7- 9 | 10-12 | 13-15 | 16-18 || total
-------------------------+-------+-------+-------+-------+-------+-------++-------
Melee: War axe           |   101 |   181 |   194 |   522 |   860 |   939 ||  2797
       Punch             |       |       |     5 |     2 |       |       ||     7
Throw: Boomerang         |     2 |     8 |    21 |    55 |    26 |    37 ||   149
Invok: Lesser Servant of |       |       |       |     2 |     5 |       ||     7
       Greater Servant o |       |       |       |       |       |     5 ||     5
       Major Destruction |       |       |       |       |       |     1 ||     1
Evoke: Wand              |       |       |     1 |       |       |       ||     1
  Use: Scroll            |    10 |     6 |     8 |     8 |     9 |     4 ||    45
       Potion            |     1 |       |     8 |     1 |     7 |    11 ||    28
 Stab: Paralysed         |       |       |     2 |       |       |       ||     2
       Sleeping          |       |       |     1 |       |       |       ||     1
       Distracted        |       |       |       |       |     3 |     2 ||     5
Armor: Leather armour    |    10 |       |       |       |       |       ||    10
       Ring mail         |    50 |     8 |       |       |       |       ||    58
       Scale mail        |       |    46 |    71 |   223 |   482 |   441 ||  1263
       Chain mail        |       |    35 |    16 |       |       |       ||    51
Dodge: Dodged            |    64 |   101 |   143 |   459 |   921 |  1299 ||  2987

Table legend: (Time is in decaauts)
 A = Elapsed time spent in this place.
 B = Non-inter-level travel time spent in this place.
 C = Inter-level travel time spent in this place.
 D = Time resting spent in this place.
 E = Time spent auto-exploring this place.
 F = Levels seen in this place.
 G = Mean time per level.
                   A        B        C        D        E       F      G
               +--------+--------+--------+--------+--------+-----+--------+
         Total |  41474 |  41474 |      0 |  16267 |   4410 |  29 | 1430.1 |
       Dungeon |  11096 |  11096 |      0 |   2638 |    807 |  10 | 1109.6 |
        Temple |    218 |    218 |      0 |      0 |    135 |   1 |  218.0 |
          Lair |   8487 |   8487 |      0 |   2795 |   1568 |   5 | 1697.4 |
        Shoals |   6051 |   6051 |      0 |   2972 |   1048 |   4 | 1512.8 |
     Snake Pit |  11177 |  11177 |      0 |   5684 |    590 |   4 | 2794.2 |
    Slime Pits |      1 |      1 |      0 |      0 |      0 |   1 |    1.0 |
  Orcish Mines |   3166 |   3166 |      0 |   1477 |    260 |   2 | 1583.0 |
         Abyss |    470 |    470 |      0 |    186 |      0 |   1 |  470.0 |
        Bailey |    805 |    805 |      0 |    513 |      0 |   1 |  805.0 |
               +--------+--------+--------+--------+--------+-----+--------+

Top non-repeatable levels by time:
  Lair:5: 3142 daAuts
 Snake:4: 3005 daAuts
 Snake:3: 3005 daAuts
 Snake:1: 2584 daAuts
 Snake:2: 2583 daAuts
Shoals:1: 1924 daAuts
Shoals:2: 1890 daAuts
Shoals:3: 1777 daAuts
   Orc:1: 1726 daAuts
  Lair:3: 1633 daAuts
  Lair:4: 1464 daAuts
   Orc:2: 1440 daAuts
     D:6: 1241 daAuts
     D:3: 1214 daAuts
  Lair:2: 1213 daAuts
